 Dungeon Crawl Stone Soup version 0.27.1-1-g398f81649c (webtiles) character file.

Game seed: 12966835892517540083

2 acemry the Changer (level 1, -1/9 HPs)
             Began as a Spriggan Transmuter on Sept 9, 2021.
             Frozen to death by an endoplasm (3 damage)
             ... on level 1 of the Dungeon.
             The game lasted 00:00:39 (185 turns).

acemry the Changer (Spriggan Transmuter)             Turns: 185, Time: 00:00:39

Health: -1/9       AC:  2    Str:  6    XL:     1   Next: 25%
Magic:  4/5        EV: 17    Int: 14    God:
Gold:   0          SH:  0    Dex: 15    Spells: 4/5 levels left

rFire    . . .     SeeInvis +     - Unarmed
rCold    . . .     Faith    .   (shield restricted)
rNeg     . . .     Spirit   .   a - +0 robe
rPois    .         Reflect  .   (helmet currently unavailable)
rElec    .         Harm     .   (no cloak)
rCorr    .         Rampage  .   (gloves unavailable)
Will     .....                  (boots unavailable)
Stlth    +.........             (no amulet)
HPRegen  0.03/turn              (no ring)
MPRegen  0.09/turn              (no ring)

@: appendages, very quick
A: horns 2, talons 2, very small, no large weapons, unfitting armour, see
invisible, speed 3
a: End Transformation


You were on level 1 of the Dungeon.
You had temporarily grown beastly horns and talons.
You visited 1 branch of the dungeon, and saw 1 of its levels.

Inventory:

Armour
 a - a +0 robe (worn)
Scrolls
 c - 2 scrolls of teleportation {unknown}
Potions
 b - a potion of curing {unknown}


   Skills:
 - Level 0.7 Fighting
 - Level 2.6 Dodging
 - Level 2.4 Unarmed Combat
 - Level 2.6 Spellcasting
 + Level 3.0 Transmutations


You had 4 spell levels left.
You knew the following spells:

 Your Spells              Type           Power      Damage    Failure   Level
a - Beastly Appendage     Tmut           20%        N/A       6%          1

Your spell library contained the following spells:

 Spells                   Type           Power      Damage    Failure   Level
 Wereblood                Tmut           10%        N/A       10%         2
 Spider Form              Tmut/Pois      3%         N/A       34%         3
 Ice Form                 Ice/Tmut       6%         N/A       75%         4


Dungeon Overview and Level Annotations

Branches:
Dungeon (1/15)

Altars:


Innate Abilities, Weirdness & Mutations

You have temporarily grown beastly horns and talons.
You are very small and have problems with some larger weapons.
You are too small for most types of armour.
You have supernaturally acute eyesight. (SInv)
You cover ground extremely quickly. (Speed+++)


Message History

Your transformation is almost over.
Your horns disappear.
Your talons disappear.
HP restored.
You see here a frilled lizard corpse.
You open the door.
There is an open door here.
You open the door.
There is an open door here.
Found 2 scrolls labelled QUAMPU SOTIU.
c - 2 scrolls labelled QUAMPU SOTIU A hobgoblin comes into view.
The hobgoblin shouts!
A hobgoblin is nearby!
A hobgoblin is nearby!
You grow a pair of large bovine horns.
Your feet morph into talons.
An endoplasm comes into view.
You hit the hobgoblin.
The hobgoblin is heavily wounded.
The hobgoblin hits you.
Your transformation is almost over.
You extend your transformation's duration.
You closely miss the hobgoblin.
The hobgoblin is moderately wounded.
The hobgoblin hits you.
You hit the hobgoblin. Your kick misses the hobgoblin.
You headbutt the hobgoblin.
You kill the hobgoblin!
The endoplasm jiggles.
Your Transmutations skill increases to level 3!
You barely miss the endoplasm. You claw the endoplasm.
The endoplasm is almost dead.
The endoplasm jiggles.
The endoplasm freezes you.
You are frozen.
* * * LOW HITPOINT WARNING * * *
You hit the endoplasm but do no damage.
The endoplasm is almost dead.
The endoplasm freezes you.
You are frozen.
You die...

#.##### #.J...# ###
###+#####.# #.+ #.....#
#g####.# #.#
#.....###......# #.#
#.....#....##### #.#
####.....#.#..#
##.###........#J#..#
#<.'.#.####...#@#..#
##.#...#......+....##
#.###.###....#.#...####.#
#.# #.# #.##...#........#
#.###.###....#####..###.##
#.+.......#### #..........
#.###....##.# #.....##...
#......####.# #..##.# .
#####.## #.# #...#..#


You could see an endoplasm.

Vanquished Creatures
  A hobgoblin (D:1)
  A frilled lizard (D:1)
2 creatures vanquished.

Notes
Turn   | Place    | Note
-------+----------+-------------------------------------------
     0 | D:1      | acemry the Spriggan Transmuter began the quest for the Orb.
     0 | D:1      | Reached XP level 1. HP: 9/9 MP: 5/5
   184 | D:1      | Reached skill level 3 in Transmutations
   185 | D:1      | Frozen to death by an endoplasm

Illustrated notes

Levels and vault maps discovered:
D:1:      minmay_arrival_three_doors, layout_basic, corexii_corridor_pit,
          minmay_indecisive_spiral

Skill      XL: |  1 |
---------------+----+-----
Transmutations | 3 |  3.0
Fighting       | |  0.7
Dodging        | |  2.6
Unarmed Combat | |  2.4
Spellcasting   | |  2.6

Action                   || total
-------------------------++-------
Melee: Unarmed           ||     6
       Kick              ||     2
       Headbutt          ||     1
 Cast: Beastly Appendage ||     3
